 Dungeon Crawl Stone Soup version 0.24.0-13-gcf9b319 (webtiles) character file.

Game seed: 13190434408214328058, levelgen mode: deterministic

149007 Daunt the Black Belt (level 17, -2/148 HPs)
             Began as an Octopode Transmuter on Nov 14, 2019.
             Was the Champion of Ru.
             Shot with an arrow by a satyr (30 damage)
             ... on level 2 of the Shoals on Nov 16, 2019.
             The game lasted 03:25:00 (40386 turns).

Daunt the Black Belt (Octopode Transmuter)         Turns: 40386, Time: 03:25:01

Health: -2/148     AC:  6    Str: 13    XL:     17   Next: 50%
Magic:  0/24       EV: 27    Int: 15    God:    Ru [******]
Gold:   436        SH:  0    Dex: 25    Spells: 12/26 levels left

rFire    x . .     SeeInvis +     - Unarmed
rCold    + + +     Gourm    .   (shield currently unavailable)
rNeg     + . .     Faith    .   (helmet currently unavailable)
rPois    +         Spirit   +   e - amulet of guardian spirit
rElec    +         Reflect  .   B - +3 ring of evasion
rCorr    .         Harm     .   G - ring of see invisible
MR       ++...                  F - +4 ring of dexterity
Stlth    ++++......             V - +2 ring of strength
HPRegen  0.34/turn              y - ring of the Centipede {rElec rPois rC+}
MPRegen  0.19/turn              m - ring "Raihomycs" {rPois MR+}
                                D - ring of Jyetsug {rN+ Dex+3}
                                X - +3 ring of evasion

@: ice-form, studying Crossbows
A: large, almost no armour, stealthy swim, amphibious, 8 rings, (constrict 8),
inability to use devices, no conjurations magic, no hexes magic, no poison
magic, inexperienced 1, missing an eye
a: End Transformation, Draw Out Power, Power Leap, Apocalypse, Renounce Religion


You were on level 2 of the Shoals.
You worshipped Ru.
Ru was exalted by your worship.
You were not hungry.
You were a creature of crystalline ice.
You visited 6 branches of the dungeon, and saw 27 of its levels.
You also visited: Gauntlet and Volcano.

You collected 2104 gold pieces.
You spent 1668 gold pieces at shops.

Inventory:

Hand Weapons
 a - a +0 arbalest of flaming
Missiles
 g - 511 arrows
 q - 28 silver javelins
 t - 25 poisoned darts (quivered)
 w - 95 bolts
 z - 7 throwing nets
 J - 8 silver boomerangs
 T - 4 curare-tipped darts
Armour
 s - a +1 buckler (melded)
 A - the +0 mask of the Dragon (melded) {MR+ Slay+3 SInv}
   (You bought it in a shop on level 10 of the Dungeon)

   It affects your accuracy and damage with ranged weapons and melee attacks
   (+3).
   It affects your resistance to hostile enchantments.
   It lets you see invisible.
Jewellery
 c - the amulet "Wirghob" {Gourm rC+ Slay+4}
   (You found it in a Gauntlet)

   [amulet of the gourmand]

   It allows you to eat raw meat even when not hungry.
   It affects your accuracy and damage with ranged weapons and melee attacks
   (+4).
   It protects you from cold.
 e - an amulet of guardian spirit (around neck)
 m - the ring "Raihomycs" (on tentacle) {rPois MR+}
   (You found it in a Gauntlet)

   [ring of poison resistance]

   It protects you from poison.
   It affects your resistance to hostile enchantments.
 y - the ring of the Centipede (on tentacle) {rElec rPois rC+}
   (You acquired it on level 12 of the Dungeon)

   [ring of poison resistance]

   It protects you from cold.
   It insulates you from electricity.
   It protects you from poison.
 B - a +3 ring of evasion (left front paw)
 D - the ring of Jyetsug (on tentacle) {rN+ Dex+3}
   (You took it off a minotaur in a Gauntlet)

   [ring of positive energy]

   It affects your dexterity (+3).
   It protects you from negative energy.
 F - a +4 ring of dexterity (on tentacle)
 G - a ring of see invisible (right front paw)
 V - a +2 ring of strength (on tentacle)
 X - a +3 ring of evasion (on tentacle)
Scrolls
 h - 17 scrolls of remove curse
 j - 6 scrolls of enchant armour
 r - 8 scrolls of teleportation
 u - 4 scrolls of enchant weapon
 v - 2 scrolls of fear
 x - 6 scrolls of magic mapping
 C - 2 scrolls of silence
 E - 4 scrolls of fog
 K - 2 scrolls of summoning
 O - a scroll of holy word
 Y - a scroll of blinking {unknown}
 Z - a scroll of brand weapon {unknown}
Potions
 d - 3 potions of invisibility
 f - 2 potions of haste
 k - a potion of agility
 l - 8 potions of flight
 n - 2 potions of brilliance
 o - 4 potions of lignification
 p - 9 potions of curing
 H - 2 potions of heal wounds
 L - 4 potions of cancellation
 P - a potion of berserk rage
 Q - 4 potions of might
 R - a potion of ambrosia
 S - a potion of resistance
 W - a potion of magic
Books
 U - a manual of Crossbows
Comestibles
 b - 32 rations
 M - 7 chunks of flesh


   Skills:
 + Level 13.6 Fighting
 + Level 10.9 Crossbows
 + Level 11.7 Dodging
 - Level 8.0 Stealth
 - Level 4.0 Shields
 + Level 18.2 Unarmed Combat
 - Level 5.0 Spellcasting
 - Level 3.1 Charms
 - Level 3.0 Necromancy
 - Level 2.0 Translocations
 + Level 8.9 Transmutations
 - Level 4.0 Ice Magic


You had 12 spell levels left.
You knew the following spells:

 Your Spells              Type           Power        Failure   Level  Hunger
a - Apportation           Tloc           #.....       7%          1    None
b - Blink                 Tloc           N/A          11%         2    ##.....
c - Sticks to Snakes      Tmut           ####....     1%          2    ##.....
d - Swiftness             Chrm/Air       #.......     13%         2    ##.....
i - Ice Form              Ice/Tmut       ###.....     12%         4    ####...
r - Regeneration          Chrm/Necr      ##........   14%         3    ###....

Your spell library contained the following spells:

 Spells                   Type           Power        Failure   Level  Hunger
 Beastly Appendage        Tmut           ####..       1%          1    None
 Animate Skeleton         Necr           N/A          4%          1    None
 Pain                     Necr           ##..         4%          1    None
 Corpse Rot               Necr           N/A          7%          2    ##.....
 Sublimation of Blood     Necr           ##........   7%          2    ##.....
 Blade Hands              Tmut           ####......   12%         5    ######.
 Vampiric Draining        Necr           ##........   14%         3    ###....
 Summon Small Mammal      Summ           #...         16%         1    None
 Gell's Gravitas          Tloc           #.........   22%         3    ###....
 Call Imp                 Summ           #.......     24%         2    ##.....
 Petrify                  Tmut/Erth      ###.....     26%         4    ####...
 Call Canine Familiar     Summ           #.......     43%         3    ###....
 Animate Dead             Necr           N/A          43%         4    ####...
 Summon Ice Beast         Ice/Summ       #.......     56%         4    ####...
 Agony                    Necr           ##......     78%         5    ######.
 Dispel Undead            Necr           ##......     78%         5    ######.
 Excruciating Wounds      Chrm/Necr      ##........   78%         5    ######.
 Airstrike                Air            #.........   85%         4    ####...
 Summon Lightning Spire   Summ/Air       #.......     85%         4    ####...
 Ignition                 Fire           #.........   100%        8    #######
 Shatter                  Erth           #.........   100%        9    #######
 Tornado                  Air            #.........   100%        9    #######
 Spider Form              Tmut/Pois      Unusable     N/A         3    N/A
 Confusing Touch          Hex            Unusable     N/A         1    N/A
 Flame Tongue             Conj/Fire      Unusable     N/A         1    N/A
 Magic Dart               Conj           Unusable     N/A         1    N/A
 Shock                    Conj/Air       Unusable     N/A         1    N/A
 Slow                     Hex            Unusable     N/A         2    N/A
 Throw Flame              Conj/Fire      Unusable     N/A         2    N/A
 Confuse                  Hex            Unusable     N/A         3    N/A
 Conjure Flame            Conj/Fire      Unusable     N/A         3    N/A
 Inner Flame              Hex/Fire       Unusable     N/A         3    N/A
 Mephitic Cloud           Conj/Pois/Air  Unusable     N/A         3    N/A
 Static Discharge         Conj/Air       Unusable     N/A         3    N/A
 Summon Guardian Golem    Hex/Summ       Unusable     N/A         3    N/A
 Yara's Violent Unravell  Hex/Tmut       Unusable     N/A         5    N/A
 Sticky Flame             Conj/Fire      Unusable     N/A         4    N/A
 Metabolic Englaciation   Hex/Ice        Unusable     N/A         5    N/A
 Bolt of Draining         Conj/Necr      Unusable     N/A         5    N/A
 Iskenderun's Battlesphe  Conj/Chrm      Unusable     N/A         5    N/A
 Bolt of Magma            Conj/Fire/Erth Unusable     N/A         5    N/A
 Fireball                 Conj/Fire      Unusable     N/A         5    N/A
 Lightning Bolt           Conj/Air       Unusable     N/A         5    N/A
 Venom Bolt               Conj/Pois      Unusable     N/A         5    N/A
 Iron Shot                Conj/Erth      Unusable     N/A         6    N/A
 Orb of Destruction       Conj           Unusable     N/A         7    N/A
 Spellforged Servitor     Conj/Summ      Unusable     N/A         7    N/A

Dungeon Overview and Level Annotations

Branches:
Dungeon (15/15)            Temple (1/1) D:7            Lair (6/6) D:9
 Shoals (2/4) Lair:2       Spider (1/4) Lair:3        Slime (0/5) Lair:6
    Orc (2/2) D:10            Elf (0/3) Orc:2        Vaults (0/5) D:13
 Depths (0/5) D:15        Volcano (visited)         Gauntlet (visited)

Altars:
Ashenzari
Cheibriados
Dithmenos
Fedhas
Gozag
Hepliaklqana
Kikubaaqudgha
Makhleb
Nemelex Xobeh
Qazlal
Ru
Sif Muna
Trog
Uskayaw
Vehumet
Wu Jian
Xom
Yredelemnul
Zin
The Shining One
Jiyva

Shops:
D:7 [:(   D:9 %   D:10 *   Orc:2 :}!=*

Annotations:
D:15 Agnes
Lair:6 Snorg
Shoals:2 exclusion: kraken


Innate Abilities, Weirdness & Mutations

You cannot wear most types of armour.
You are very stealthy in the water. (Stealth+)
You are amphibious.
You can wear up to eight rings at the same time.
((You can use your tentacles to constrict eight enemies at once.))
((Your skin changes colour to match your surroundings (Stealth+).))
((Your rubbery body absorbs attacks. (AC +1, EV +1)))
You cannot study or use magical devices.
You cannot study or cast Conjurations magic.
You cannot study or cast Hexes magic.
You cannot study or cast Poison magic.
You are somewhat inexperienced. (-2 XL)
You are missing an eye, making it more difficult to aim.


Message History

The satyr shoots an arrow.
The arrow completely misses you.
You hear a splash.
The faun hits you with a +0 spear!!
* * * LOW HITPOINT WARNING * * *
Unknown command.
Unknown command.
Okay, then.
Unknown command.
Okay, then.
Unknown command.
You feel much better. The hippogriff bites you.
* * * LOW HITPOINT WARNING * * *
You focus your will and slow the hippogriff in retribution!
The hippogriff completely misses you. The hippogriff closely misses you.
The faun barely misses you.
As you read the scroll labeled TEYD PAUTTUTE, it crumbles to dust.
The scroll dissolves into smoke.
It was a scroll of fog.
The faun is stunned by your will and fails to attack.
The satyr shoots an arrow.
The arrow hits you!!
You die...

..≈≈≈≈≈..# ### #.≈≈≈≈≈≈≈≈
......≈.P#### ##.≈≈≈≈≈≈≈≈
......≈P..P.## ####(≈(≈≈≈≈≈≈≈
....P..≈.≈≈.P# ##....≈≈≈≈≈≈≈≈≈
.....≈≈≈≈≈≈≈.###.....≈(≈≈≈≈≈≈≈
.###..P≈P.≈≈.........≈≈≈≈≈≈≈≈≈
. #.......###....(...≈≈≈.≈≈≈≈
. ..P≈P≈...# #.§§§†....≈...≈≈
......P≈≈P(# #.cYc..####...≈≈
.......≈.≈.<...cH§...# ..≈≈
.....≈≈≈P..≈≈P..(P...# !.
≈≈≈≈P...≈≈≈P.P.≈$..##
≈≈≈≈.......# ≈≈P≈.......#
.≈≈........# ≈≈≈.........


You could see a satyr, 2 fauns and a hippogriff.

Vanquished Creatures
  Rupert (Orc:2)
  Kirke (Lair:3)
  A minotaur (Gauntlet)
  A merfolk impaler (Shoals:2)
  5 vault guards (D:13)
  2 ogre magi (Orc:2)
  5 hydras
  A merfolk avatar (Shoals:1)
  The ghost of Th3D0ct0rWh0 the Grappler, a novice TrBe of Trog (Lair:1)
  6 death yaks
  A dancing weapon (D:7)
  5 centaur warriors
  10 two-headed ogres
  2 tengu warriors
  A thrashing horror (Gauntlet)
  The ghost of FTG82 the Fighter, a novice GnWn of Hepliaklqana (D:7)
  A fire crab (Volcano)
  4 sea snakes (Shoals:1)
  2 wizards (D:12)
  2 deep trolls (Orc:2)
  A necromancer (D:15)
  A lindwurm (Volcano)
  2 oklob plants
  2 orc knights
  A wolf spider zombie (D:15)
  2 orc sorcerers
  25 ugly things
  5 cyclopes
  4 deep elf magi
  4 wolf spiders
  3 fauns
  5 manticores
  13 elephants
  A naga mage (D:15)
  2 black mambas (Lair:6)
  4 merfolk sirens
  A water nymph (Shoals:2)
  3 gargoyles
  3 centaur zombies
  21 spiny frogs
  6 centaur skeletons
  A freezing wraith (D:14)
  A rime drake (Lair:5)
  A redback zombie (D:14)
  5 komodo dragons
  A demonic crawler (Lair:3)
  A jumping spider (Spider:1)
  A tengu conjurer (D:14)
  4 polar bears
  The ghost of DonnieDarkness the Chopper, an amateur DgFi (D:4)
  16 trolls
  2 wind drakes (Shoals:1)
  13 merfolk
  19 blink frogs
  3 tyrant leeches
  4 slime creatures (D:15)
  7 dream sheep
  5 snapping turtles
  A meliai zombie (D:13)
  20 hippogriffs
  6 redbacks
  17 flying skulls (Gauntlet)
  2 wraiths
  2 shadows
  A tarantella (Lair:3)
  A spriggan (Lair:2)
  3 water elementals
  35 yaks
  4 basilisks
  12 fire bats (Volcano)
  A vampire (D:11)
  2 hungry ghosts
  6 vampire mosquitoes (Lair:6)
  2 hell hounds (Volcano)
  An acid dragon (D:15)
  10 water moccasins
  9 porcupines
  A hornet zombie (D:7)
  11 orc warriors
  4 ice beasts
  3 sky beasts
  2 black bears
  2 eyes of draining (D:13)
  26 ogres
  4 phantoms
  A necrophage (D:11)
  5 boggarts (D:14)
  5 centaurs
  7 wolves
  17 crocodiles
  40 bullfrogs
  6 wyvern zombies
  2 gnoll sergeants
  A wyvern skeleton (D:13)
  4 scorpions
  3 small abominations (Gauntlet)
  3 electric eels
  9 wights
  6 howler monkeys (D:10)
  7 lava snakes (Volcano)
  10 hounds
  6 crimson imps
  6 jellies
  11 orc priests
  3 bullfrog zombies
  6 bullfrog skeletons
  6 iguanas
  24 orc wizards
  11 worker ants
  A killer bee zombie (D:8)
  A hound zombie (D:7)
  21 adders
  17 gnolls
  4 shadow imps
  3 oozes
  2 adder skeletons
  4 worms
  2 dart slugs
  4 leopard geckos
  71 orcs
  A ball python (D:1)
  6 giant cockroaches
  4 goblins
  9 hobgoblins
  2 jackals (D:3)
  3 quokkas
  6 bats
  6 frilled lizards
  6 kobolds
  2 leopard gecko skeletons
  A leopard gecko zombie (D:5)
  5 rats
815 creatures vanquished.

Vanquished Creatures (collateral kills)
  An adder (D:3)
1 creature vanquished.

Vanquished Creatures (others)
  A hydra (Lair:4)
  2 two-headed ogres (Orc:2)
  A troll (D:13)
  A tyrant leech (Lair:6)
  A yak (D:13)
  2 ogres
  25 fungi
  79 plants
  4 withered plants (Gauntlet)
116 creatures vanquished.

Grand Total: 932 creatures vanquished

Notes
Turn   | Place    | Note
-------+----------+-------------------------------------------
     0 | D:1      | Daunt the Octopode Transmuter began the quest for the Orb.
     0 | D:1      | Reached XP level 1. HP: 13/13 MP: 3/3
   272 | D:1      | Reached XP level 2. HP: 18/18 MP: 3/5
   643 | D:1      | Learned a level 2 spell: Sticks to Snakes
   712 | D:1      | Reached XP level 3. HP: 24/24 MP: 6/6
   716 | D:1      | Reached skill level 4 in Unarmed Combat
  1011 | D:2      | Reached XP level 4. HP: 25/29 MP: 3/7
  1727 | D:2      | Reached XP level 5. HP: 30/35 MP: 6/8
  2030 | D:3      | Reached skill level 5 in Unarmed Combat
  2282 | D:3      | Reached XP level 6. HP: 34/42 MP: 0/9
  2547 | D:3      | Found a shadowy altar of Dithmenos.
  2547 | D:3      | Found an opulent altar of Gozag.
  2904 | D:3      | Reached skill level 6 in Unarmed Combat
  3136 | D:4      | Found a basalt altar of Yredelemnul.
  3196 | D:4      | Found a runed translucent door.
  3201 | D:4      | Noticed DonnieDarkness's ghost (amateur DgFi)
  3283 | D:4      | Found a runed translucent door.
  3449 | D:4      | Learned a level 4 spell: Ice Form
  3863 | D:3      | Reached XP level 7. HP: 31/47 MP: 8/10
  3978 | D:3      | Reached skill level 1 in Stealth
  4112 | D:4      | Found a shimmering blue altar of Sif Muna.
  4131 | D:4      | Identified Sif Muna's Guide on Confrontation
  4228 | D:5      | Entered Level 5 of the Dungeon
  4342 | D:5      | Found a shattered altar of Ashenzari.
  4346 | D:5      | Saw a vision of the Shoals and the Spider Nest.
  4346 | D:5      | Noticed a redback
  4346 | D:5      | Noticed a redback
  4346 | D:5      | Noticed a redback
  4346 | D:5      | Noticed a merfolk
  4346 | D:5      | Noticed a merfolk
  4346 | D:5      | Noticed a merfolk
  4390 | D:5      | Reached skill level 7 in Unarmed Combat
  4809 | D:5      | Found a stormy altar of Qazlal.
  4824 | D:5      | Reached XP level 8. HP: 48/54 MP: 9/11
  5981 | D:6      | Found a hazy altar of Hepliaklqana.
  6000 | D:6      | Reached skill level 5 in Fighting
  6345 | D:7      | Reached skill level 8 in Unarmed Combat
  6731 | D:7      | Found Zaiwkol's Weapon Emporium.
  7084 | D:7      | Reached XP level 9. HP: 50/61 MP: 10/12
  7325 | D:7      | Reached skill level 5 in Transmutations
  7437 | D:7      | Found Jyquzxio's Book Shop.
  7442 | D:7      | Found Qaumavva's Antique Armour Boutique.
  7469 | D:7      | Found a staircase to the Ecumenical Temple.
  7509 | D:7      | Reached skill level 1 in Ice Magic
  7510 | D:7      | Found a runed translucent door.
  7512 | Temple   | Entered the Ecumenical Temple
  7683 | Temple   | Became a worshipper of Ru the Awakened
  7731 | D:7      | Found a shimmering altar of Xom.
  7731 | D:7      | Noticed FTG82's ghost (novice GnWn)
  7732 | D:7      | Noticed a +5 falchion of chaos
  8204 | D:8      | Noticed a two-headed ogre
  9028 | D:8      | Found a blossoming altar of Fedhas.
 10380 | D:9      | Reached XP level 10. HP: 61/66 MP: 11/14
 10394 | D:9      | Gained mutation: You cannot study or use magical devices.
                  | [Ru sacrifice]
 10394 | D:9      | Reached * piety under Ru
 10394 | D:9      | Reached ** piety under Ru
 10508 | D:9      | Found Okkuos's Food Emporium.
 10561 | D:9      | Reached skill level 9 in Unarmed Combat
 10632 | D:9      | Found a staircase to the Lair.
 11298 | D:8      | Reached skill level 10 in Unarmed Combat
 11805 | D:9      | Found a shadowy altar of Dithmenos.
 11846 | D:9      | Found a radiant altar of Vehumet.
 12029 | D:9      | Reached skill level 11 in Unarmed Combat
 12375 | D:10     | Entered Level 10 of the Dungeon
 12418 | D:10     | Reached skill level 1 in Crossbows
 12448 | D:10     | Found Fekk's Assorted Antiques.
 12451 | D:10     | Bought a scroll labeled QOIVIF UCUNWA for 26 gold pieces
 12451 | D:10     | Bought a scroll labeled LIEFASCHINA for 26 gold pieces
 12508 | D:10     | Reached skill level 1 in Shields
 12856 | D:10     | Reached XP level 11. HP: 59/72 MP: 15/15
 13386 | D:7      | Bought a +1 hand crossbow of flaming for 146 gold pieces
 13948 | D:10     | Gained mutation: You are missing an eye, making it more
                  | difficult to aim. [Ru sacrifice]
 13948 | D:10     | Reached *** piety under Ru
 13977 | D:10     | Found a staircase to the Orcish Mines.
 14033 | D:11     | Noticed a cyan ugly thing
 14043 | D:10     | Reached skill level 5 in Crossbows
 14119 | Lair:1   | Entered Level 1 of the Lair of Beasts
 14736 | Lair:1   | Found a runed translucent gate.
 14737 | Lair:1   | Found a runed translucent gate.
 14738 | Lair:1   | Found a runed translucent gate.
 14739 | Lair:1   | Noticed Th3D0ct0rWh0's ghost (novice TrBe)
 15810 | Lair:2   | Found a staircase to the Shoals.
 16188 | Lair:2   | Gained mutation: You cannot study or cast Poison magic. [Ru
                  | sacrifice]
 16188 | Lair:2   | Gained mutation: You cannot study or cast Hexes magic. [Ru
                  | sacrifice]
 16188 | Lair:2   | Gained mutation: You cannot study or cast Conjurations
                  | magic. [Ru sacrifice]
 16188 | Lair:2   | Reached **** piety under Ru
 16639 | Lair:2   | Reached skill level 12 in Unarmed Combat
 16676 | Lair:2   | Reached XP level 12. HP: 69/81 MP: 8/16
 17094 | Lair:3   | Found a dark tunnel.
 17135 | Volcano  | Entered a volcano
 19249 | Volcano  | Found a burning altar of Makhleb.
 20698 | Lair:3   | Reached skill level 5 in Stealth
 20708 | Lair:3   | Gained mutation: You are somewhat inexperienced. (-2 XL)
                  | [Ru sacrifice]
 20708 | Lair:3   | Reached XP level 11. HP: 77/96 MP: 14/16
 20708 | Lair:3   | Reached XP level 10. HP: 77/88 MP: 14/15
 20708 | Lair:3   | Reached ***** piety under Ru
 20708 | Lair:3   | Reached ****** piety under Ru
 20748 | Lair:3   | Reached skill level 13 in Unarmed Combat
 20775 | Lair:3   | Noticed a wolf spider
 20783 | Lair:3   | Found a hole to the Spider Nest.
 20788 | Lair:3   | Killed a wolf spider
 20788 | Lair:3   | Reached skill level 5 in Dodging
 21191 | Lair:3   | Noticed a spiny frog
 21200 | Lair:3   | Killed a spiny frog
 21200 | Lair:3   | Reached XP level 11. HP: 80/80 MP: 10/17
 22196 | Lair:5   | Learned a level 2 spell: Blink
 22206 | Lair:5   | Noticed a five-headed hydra
 22215 | Lair:5   | Killed a five-headed hydra
 22413 | Lair:5   | Reached skill level 10 in Fighting
 22413 | Lair:5   | Reached skill level 1 in Translocations
 22751 | Lair:5   | Noticed a six-headed hydra
 22767 | Lair:5   | Killed a six-headed hydra
 23213 | Lair:6   | Entered Level 6 of the Lair of Beasts
 23214 | Lair:6   | Noticed a five-headed hydra
 23236 | Lair:6   | Noticed a death yak
 23266 | Lair:6   | Killed a death yak
 23373 | Lair:6   | Reached XP level 12. HP: 85/87 MP: 8/18
 23454 | Lair:6   | Killed a five-headed hydra
 23478 | Lair:6   | Reached skill level 14 in Unarmed Combat
 23506 | Lair:6   | Found a runed translucent door.
 23506 | Lair:6   | Found a viscous altar of Jiyva.
 23506 | Lair:6   | Found a staircase to the Slime Pits.
 23680 | Lair:6   | Noticed a seven-headed hydra
 23839 | Lair:6   | Noticed a death yak
 23839 | Lair:6   | Noticed a death yak
 23840 | Lair:6   | Noticed a death yak
 23957 | Lair:6   | Noticed a death yak
 24086 | Lair:6   | Noticed a death yak
 24136 | Lair:6   | Killed a death yak
 24144 | Lair:6   | Noticed Snorg
 25416 | Lair:4   | Killed a seven-headed hydra
 25561 | Lair:5   | Killed a death yak
 25657 | Lair:6   | Reached XP level 13. HP: 68/94 MP: 4/19
 26500 | Lair:6   | Reached skill level 15 in Unarmed Combat
 28920 | D:12     | Identified a scroll of acquirement
 28922 | D:12     | Got a sparkling granite ring
 28923 | D:12     | Identified the ring of the Centipede {rElec rPois rC+} (You
                  | acquired it on level 12 of the Dungeon)
 28964 | D:12     | Paralysed by a wizard for 6 turns
 29042 | D:12     | Reached XP level 14. HP: 81/101 MP: 18/20
 29439 | D:10     | Bought the +0 mask of the Dragon {MR+ Slay+3 SInv} for 868
                  | gold pieces
 29439 | D:10     | Found the +0 mask of the Dragon {MR+ Slay+3 SInv}
 30145 | D:13     | Reached skill level 5 in Spellcasting
 30150 | D:13     | Learned a level 3 spell: Regeneration
 30460 | D:13     | Found a blossoming altar of Fedhas.
 30509 | D:13     | Found a gate to the Vaults.
 30589 | D:13     | Reached skill level 1 in Charms
 30589 | D:13     | Reached skill level 1 in Necromancy
 31099 | D:13     | Reached skill level 16 in Unarmed Combat
 31619 | D:14     | Found a gate leading to a gauntlet.
 31675 | Gauntlet | Entered a Gauntlet
 31675 | Gauntlet | Found a transporter.
 31678 | Gauntlet | Found a transporter.
 31682 | Gauntlet | Found a transporter.
 31683 | Gauntlet | Found a transporter.
 31683 | Gauntlet | Found a transporter.
 31684 | Gauntlet | Found a transporter.
 31692 | Gauntlet | Found a transporter.
 31693 | Gauntlet | Found a transporter.
 31759 | Gauntlet | Found a transporter.
 31784 | Gauntlet | Found a transporter.
 31788 | Gauntlet | Found a transporter.
 31813 | Gauntlet | Found a transporter.
 31952 | Gauntlet | Got a warped silver amulet
 32001 | Gauntlet | Identified the amulet "Wirghob" {Gourm rC+ Slay+4} (You
                  | found it in a Gauntlet)
 32182 | Gauntlet | Got a brightly glowing lead ring
 32193 | Gauntlet | Identified the ring "Raihomycs" {rPois MR+} (You found it
                  | in a Gauntlet)
 32414 | Gauntlet | Identified the ring of Jyetsug {rN+ Dex+3}
 33171 | D:14     | Reached XP level 15. HP: 108/108 MP: 17/22
 33783 | D:14     | Reached skill level 10 in Dodging
 33795 | D:15     | Entered Level 15 of the Dungeon
 33805 | D:15     | Learned a level 1 spell: Apportation
 34869 | D:15     | Noticed Agnes
 34972 | D:15     | Reached skill level 17 in Unarmed Combat
 34989 | D:15     | Found a staircase to the Depths.
 35796 | D:7      | Killed FTG82's ghost
 35961 | D:4      | Killed DonnieDarkness's ghost
 36243 | Lair:1   | Killed Th3D0ct0rWh0's ghost
 36376 | Orc:1    | Entered Level 1 of the Orcish Mines
 36383 | Orc:1    | Reached skill level 10 in Crossbows
 36716 | Orc:2    | Entered Level 2 of the Orcish Mines
 36716 | Orc:2    | Found a staircase to the Elven Halls.
 36905 | Orc:2    | Noticed Rupert
 37191 | Orc:2    | Killed Rupert
 37506 | Orc:2    | Found Pewnem Heqe's Assorted Antiques.
 37527 | Orc:2    | Found Nolaulu's Jewellery Shop.
 37551 | Orc:2    | Reached XP level 16. HP: 117/117 MP: 20/23
 37567 | Orc:2    | Found Qeynakoo's Gadget Boutique.
 37683 | Orc:2    | Found Ebrim's Distillery.
 37686 | Orc:2    | Bought a scroll labeled URICLOLEECS for 38 gold pieces
 37686 | Orc:2    | Bought a scroll labeled DAADICZOPP for 38 gold pieces
 37686 | Orc:2    | Bought a faintly glowing ruby amulet for 190 gold pieces
 37693 | Orc:2    | Identified the amulet "Biciyk" {Inacc Str+3} (You bought it
                  | in a shop on level 2 of the Orcish Mines)
 37719 | Orc:2    | Found Qimn's Book Shop.
 37865 | Orc:2    | Bought a +3 ring of evasion for 336 gold pieces
 38062 | Spider:1 | Entered Level 1 of the Spider Nest
 38075 | Spider:1 | Noticed Kirke
 38435 | Lair:3   | Killed Kirke
 38529 | Shoals:1 | Entered Level 1 of the Shoals
 39134 | Shoals:1 | Reached skill level 18 in Unarmed Combat
 39181 | Shoals:1 | Learned a level 2 spell: Swiftness
 39536 | Shoals:1 | Reached XP level 17. HP: 123/123 MP: 24/24
 40277 | Shoals:2 | Noticed a kraken
 40384 | Shoals:2 | HP: 7/148 [faun/+0 spear[a satyr] (25)]
 40386 | Shoals:2 | Shot with an arrow by a satyr

Levels and vault maps discovered:
D:1:      dpeg_arrival_shrine, layout_loops_ring,
          hangedman_decor_diamond_cutter, minivault_11
D:2:      layout_loops_ring, minmay_vboxes
D:3:      layout_basic, grunt_temple_overflow_open
D:4:      layout_basic, led_sif_book, nicolae_overflow_hidden_temple,
          ebering_ghost_sewer_f, first_ration
D:5:      layout_loops_ring, lemuel_doored_altar, grunt_ashenzari_visionary
          [grunt_ashenzari_visionary_shoals, grunt_ashenzari_visionary_spider]
D:6:      layout_loops_corners, old_standard_altar
D:7:      layout_rooms, minmay_temple_entry_purple_smoke, ebering_ghost_xom,
          serial_shops, shop_fountains, shop_fountains, nicolae_shop_stone
D:8:      layout_gridville, nicolae_overflow_crystal_walls
D:9:      layout_basic, vehumet_altar_wand_db, minmay_lair_entry_grove,
          serial_shops, shop, hangedman_fish_farm, hangedman_decor_opposing,
          nicolae_dithmenos_the_darkroom
D:10:     layout_loops_ring, david_orc_4, serial_shops, shop
D:11:     layout_gridville, minmay_radiant
D:12:     layout_basic, serial_bayou, serial_bayou_pond_d, serial_bayou_shore_a,
          serial_bayou_pond_a, serial_bayou_ford_a, lightli_wizard_tower
D:13:     layout_stronghold, erik_vaults_2, basic_altar
D:14:     layout_loops_corners, gauntlet_entry_generic, serial_bayou_pond_c,
          drop_trap
D:15:     grunt_enter_depths_magical_seal, layout_basic,
          chequers_serial_rivers_large_a, uniq_agnes
Temple:   minmay_temple_curvy_branch
Lair:1:   layout_cave_pods, gammafunk_ghost_split, grunt_forest_small_clearings,
          beast_lair_carwin_4
Lair:2:   layout_chaotic_city, elwin_shoals_entry_rocks, st_stairs_4,
          grunt_forest_stairs_clearing, lemuel_fruit_tree
Lair:3:   layout_regular_city, spider_nest_entry_rubble,
          nicolae_volcano_entry_hallway
Lair:4:   layout_hall_layers
Lair:5:   layout_layer_cave, grunt_megastairs_2
Lair:6:   minmay_lair_end_frog_pond, layout_cave_pods, slime_altar_2,
          infiniplex_staircase_pool_2, serial_bayou_shore_b, uniq_snorg
Shoals:1: layout_shoals
Shoals:2: layout_shoals
Spider:1: layout_spider_delve, uniq_kirke
Orc:1:    layout_caves, basic_altar, mines3_lemuel
Orc:2:    st_orc_open, layout_caves, serial_shops,
          nicolae_shop_competitors_out_of_business, uniq_rupert

Skill      XL: |  1  2  3  4  5  6  7  8  9 10 11 12 13 14 15 16 |
---------------+-------------------------------------------------+-----
Unarmed Combat | 4 5 6 7 8 13 12 14 15 16 17 18 | 18.2
Fighting       | 2 3 4 5 10 9 11 12 13 | 13.6
Stealth        | 3 4 5 6 7 8 |  8.0
Dodging        | 3 4 5 6 7 8 9 11 | 11.7
Transmutations | 4 7 8 |  8.9
Ice Magic      | 3 4 |  4.0
Spellcasting   | 3 4 5 |  5.0
Crossbows      | 3 8 10 | 10.9
Shields        | 2 4 |  4.0
Translocations | 2 |  2.0
Charms         | 3 |  3.1
Necromancy     | 3 |  3.0

Action                   |  1- 3 |  4- 6 |  7- 9 | 10-12 | 13-15 | 16-18 || total
-------------------------+-------+-------+-------+-------+-------+-------++-------
Melee: Unarmed           |    47 |   159 |   347 |   915 |  1066 |   289 ||  2823
       Constrict         |    13 |    47 |    66 |    75 |    34 |    20 ||   255
       Tentacles         |     9 |    19 |    63 |    75 |    92 |    49 ||   307
       Kick              |     2 |     6 |    15 |       |       |       ||    23
       Punch             |     1 |     8 |    25 |    24 |    67 |    36 ||   161
 Fire: Hand crossbow     |       |       |       |    30 |       |       ||    30
       Arbalest          |       |       |       |    29 |    15 |       ||    44
Throw: Stone             |       |     2 |    39 |    24 |       |       ||    65
       Dart              |       |       |       |    58 |    46 |     3 ||   107
       Boomerang         |       |       |       |     2 |     5 |     1 ||     8
       Javelin           |       |       |       |       |    12 |       ||    12
 Cast: Beastly Appendage |     1 |     8 |     6 |       |       |       ||    15
       Sticks to Snakes  |       |     6 |     2 |       |       |       ||     8
       Ice Form          |       |       |     2 |    60 |    63 |    10 ||   135
       Regeneration      |       |       |       |       |     4 |     6 ||    10
       Blink             |       |       |       |       |     2 |       ||     2
Invok: Sacrifice Artific |       |       |       |     1 |       |       ||     1
       Sacrifice Experie |       |       |       |     1 |       |       ||     1
       Sacrifice Arcana  |       |       |       |     1 |       |       ||     1
       Sacrifice an Eye  |       |       |       |     1 |       |       ||     1
       Power Leap        |       |       |       |     1 |     1 |       ||     2
  Use: Scroll            |       |     6 |     4 |     7 |    12 |     5 ||    34
       Potion            |       |       |     3 |     2 |     4 |     2 ||    11
 Stab: Sleeping          |     4 |     4 |    12 |    11 |    28 |     4 ||    63
       Distracted        |       |       |     2 |     7 |    15 |     2 ||    26
       Invisible         |       |       |       |     5 |    14 |     3 ||    22
       Paralysed         |       |       |       |     3 |     5 |     3 ||    11
  Eat: Chunk             |       |    10 |    11 |    41 |    46 |     9 ||   117
       Ration            |       |       |     3 |     7 |     2 |     1 ||    13
Armor: Skin              |     6 |     7 |    12 |    62 |    50 |     8 ||   145
Dodge: Dodged            |    24 |    68 |   205 |   521 |   627 |   223 ||  1668
Block: Buckler           |       |       |       |    30 |    44 |    21 ||    95
